 Dungeon Crawl Stone Soup version 0.27-a0-512-g57cc695410 (webtiles) character file.

Game seed: 18225930719909630480

476 siradein the Chucker (level 6, -1/61 HPs)
             Began as a Troll Hunter on Mar 3, 2021.
             Slain by an ogre
             ... wielding a +0 giant club
              (19 damage)
             ... on level 4 of the Dungeon.
             The game lasted 00:06:58 (2267 turns).

siradein the Chucker (Troll Hunter)                 Turns: 2267, Time: 00:06:59

Health: -1/61      AC:  4    Str: 21    XL:     6   Next: 84%
Magic:  5/5        EV: 11    Int:  7    God:
Gold:   141        SH:  0    Dex: 12    Spells: 5/5 levels left

rFire    . . .     SeeInvis .   t - +0 giant club
rCold    . . .     Faith    .   (shield currently unavailable)
rNeg     . . .     Spirit   .   r - +0 robe
rPois    .         Reflect  .   (helmet restricted)
rElec    .         Harm     .   (no cloak)
rCorr    .         Rampage  .   (gloves unavailable)
Will     .....                  (boots unavailable)
Stlth    +.........             (no amulet)
HPRegen  1.20/turn              (no ring)
MPRegen  0.09/turn              (no ring)

@: no status effects
A: large, unfitting armour, claws 3, regeneration 1, shaggy fur 1, tough skin 1
a: no special abilities


You were on level 4 of the Dungeon.
You visited 1 branch of the dungeon, and saw 4 of its levels.

You collected 141 gold pieces.

Inventory:

Hand Weapons
 t - a +0 giant club (weapon)
Missiles
 c - 5 large rocks (quivered)
 d - 2 throwing nets
Armour
 r - a +0 robe (worn)
Jewellery
 u - a ring of protection from cold
Wands
 s - a wand of iceblast (11)
Scrolls
 f - a scroll of fear {unknown}
 h - a scroll of identify {unknown}
 i - a scroll of teleportation {unknown}
 k - a scroll of fog {unknown}
 n - a scroll of random uselessness {unknown}
 p - 2 scrolls of magic mapping {unknown}
 q - a scroll of enchant armour {unknown}
Potions
 a - a potion of attraction {unknown}
 b - 2 potions of heal wounds {unknown}
 e - 2 potions of haste {unknown}
 g - a potion of flight {unknown}
 j - a potion of might {unknown}
 l - 2 potions of lignification {unknown}
 m - a potion of cancellation {unknown}
 o - 2 potions of curing {unknown}


   Skills:
 + Level 3.3 Fighting
 + Level 1.1 Maces & Flails
 + Level 4.9 Throwing
 + Level 3.3 Dodging
 - Level 0.3 Stealth
 - Level 2.8 Unarmed Combat


You had 5 spell levels left.
You didn't know any spells.
Your spell library was empty.

Dungeon Overview and Level Annotations

Branches:
Dungeon (4/15)
 Temple: D:4-7

Altars:
Makhleb


Innate Abilities, Weirdness & Mutations

You are too large for most types of armour.
You have claws for hands.
Your natural rate of healing is unusually fast.
You are covered in fur. (AC +1)
You have tough skin. (AC +1)


Message History

The orc is moderately wounded.
The orc barely misses you.
You completely miss the orc.
The orc is lightly wounded.
The orc hits you with a +0 mace.
You closely miss the orc.
The orc is lightly wounded.
The orc barely misses you. The orc closely misses you.
You sock the orc!
You kill the orc!
You sock the iguana!
The iguana is heavily wounded.
The iguana bites you. The iguana misses you.
You sock the iguana!
You kill the iguana!
You sock the orc!
You kill the orc!
Items here: ))) [[[ †.
You now have 126 gold pieces (gained 11).
Found a stone staircase leading down.
An ogre comes into view. It is wielding a +0 giant club.
The ogre shouts!
The ogre moves out of view.
You now have 141 gold pieces (gained 15).
An ogre is nearby!
The ogre hits you with a +0 giant club!!
You sock the ogre!
The ogre is heavily wounded.
The ogre hits you with a +0 giant club.
You barely miss the ogre.
The ogre is heavily wounded.
The ogre closely misses you.
You hit the ogre.
The ogre is heavily wounded.
The ogre hits you with a +0 giant club!
* * * LOW HITPOINT WARNING * * *
You closely miss the ogre.
The ogre is heavily wounded.
The ogre hits you with a +0 giant club!!
You die...

......... .......# ..
.<..## .# †....# ..
#....#'## .## #...<...
..# #.##..... #.# # #.#
..... #O# .# #.. #'#+
#@###.### ######.#
#.......#
.......##########..#.#.#
...........).......#
.......###########.#
.......# ... .......#
...# ######.# #..#
.....#.# ..#


You could see an ogre.

Vanquished Creatures
  An ogre (D:4)
  2 bullfrogs
  A hound (D:2)
  An iguana (D:4)
  A worker ant (D:4)
  An orc wizard (D:4)
  An adder (D:2)
  4 worms
  3 dart slugs
  5 leopard geckos
  3 orcs (D:4)
  4 bats (D:1)
  6 giant cockroaches
  3 goblins
  3 hobgoblins
  4 jackals (D:4)
  6 kobolds
  A quokka (D:2)
  4 frilled lizards
  6 rats
60 creatures vanquished.

Vanquished Creatures (others)
  A phantom (D:4)
1 creature vanquished.

Grand Total: 61 creatures vanquished

Notes
Turn   | Place    | Note
-------+----------+-------------------------------------------
     0 | D:1      | siradein the Troll Hunter began the quest for the Orb.
     0 | D:1      | Reached XP level 1. HP: 19/19 MP: 0/0
   243 | D:1      | Reached XP level 2. HP: 26/28 MP: 1/1
   649 | D:1      | Reached skill level 1 in Unarmed Combat
   826 | D:2      | Reached XP level 3. HP: 22/35 MP: 2/2
   934 | D:2      | Found a burning altar of Makhleb.
   944 | D:2      | Reached skill level 4 in Throwing
  1001 | D:2      | Reached XP level 4. HP: 36/42 MP: 3/3
  1139 | D:2      | Noticed a bullfrog
  1152 | D:2      | Killed a bullfrog
  1153 | D:2      | Reached XP level 5. HP: 35/50 MP: 4/4
  1397 | D:3      | Found a faded altar of an unknown god.
  1992 | D:4      | Noticed an ogre
  2010 | D:4      | Killed an ogre
  2011 | D:4      | Reached XP level 6. HP: 35/61 MP: 5/5
  2215 | D:4      | Reached skill level 1 in Maces & Flails
  2267 | D:4      | Slain by an ogre

Illustrated notes

Levels and vault maps discovered:
D:1:      dpeg_arrival_court, layout_loops_ring, chequers_serial_rivers_room_a,
          corexii_hall_statues_i
D:2:      layout_rooms, makhleb_heckhound_becter
D:3:      layout_loops_ring, chequers_ecumenical_altar_island
D:4:      layout_basic, led_sif_pool

Skill      XL: |  1  2  3  4  5  6 |
---------------+-------------------+-----
Unarmed Combat | 1 2 |  2.8
Fighting       | 2 3 |  3.3
Dodging        | 2 3 |  3.3
Throwing       | 4 |  4.9
Maces & Flails | 1 |  1.1
Stealth        | |  0.3

Action                   |  1- 3 |  4- 6 || total
-------------------------+-------+-------++-------
Melee: Unarmed           |    86 |    93 ||   179
       Short sword       |     4 |       ||     4
       Punch             |       |     1 ||     1
       Giant club        |       |    51 ||    51
 Stab: Sleeping          |     1 |       ||     1
Armor: Robe              |    10 |    19 ||    29
       Skin              |    17 |    12 ||    29
Dodge: Dodged            |    45 |    78 ||   123

Table legend: (Time is in decaauts)
 A = Elapsed time spent in this place.
 B = Non-inter-level travel time spent in this place.
 C = Inter-level travel time spent in this place.
 D = Time resting spent in this place.
 E = Time spent auto-exploring this place.
 F = Levels seen in this place.
 G = Mean time per level.
                   A        B        C        D        E       F      G
               +--------+--------+--------+--------+--------+-----+--------+
         Total |   2292 |   2215 |     77 |      0 |   1664 |   4 |  573.0 |
       Dungeon |   2292 |   2215 |     77 |      0 |   1664 |   4 |  573.0 |
               +--------+--------+--------+--------+--------+-----+--------+

Top non-repeatable levels by time:
     D:1: 787 daAuts
     D:3: 659 daAuts
     D:2: 543 daAuts
     D:4: 302 daAuts
